Unix xNetHack Version 7.1.0 - last build Dec 11 2022 15:18:36 (91bc4d2507b4b34ac92889b06d50a936f6bde808). Game began 2023-05-02 18:27:42, ended 2023-05-03 20:03:13. dflexer, neutral female gnomish Healer M ------...--- |.....^...@- --.-----...N. ... |...| |..... --- |...| -...- --..| --- Dflexer the Empiric St:11 Dx:11 Co:19 In:12 Wi:17 Ch:11 Neutral S:1186 Dlvl:10 $:820 HP:0(51) Pw:22(54) AC:-1 Xp:5/170 T:5761 Satiated Hallu Latest messages: You jab the balrog. You stab the thoroughly rusty thoroughly corroded iron golem. You impale the baby black dragon. You pierce the glom of nit. You are freezing to death! You are freezing to death! You pierce the rust monster. You are freezing to death! You get expelled! You don't have enough energy to cast that spell. In what direction? . You feel better. The giant bat misses! What do you want to drop? [$a-pr-xzABD-FHKM-SUVZ or ?*] S You drop an uncursed pick-axe {100}. Your movements are now unencumbered. Your pair of dwarvish boots deflects the ogre queen's attack. The gold golem engulfs you! You are freezing to death! You impale the jaguar. You stab the guardian naga. You are freezing to death! You are freezing to death! You get expelled! You see here an uncursed pick-axe. You miss the overclocked microwave. The ki-rin touches you! You're covered in frost! The human mummy touches you! You're covered in frost! You miss the air elemental. The sharknado engulfs you! You are freezing to death! You get expelled! You see here an uncursed pick-axe. You miss the paper golem. The erinys misses! You miss the white unicorn. The orange dragon engulfs you! You impale Rodney. You get expelled! You see here an uncursed pick-axe. The ascii art touches you! You're covered in frost! You die... Do you want your possessions identified? y Do you want to see your attributes? y Do you want an account of creatures vanquished? n Do you want to see your conduct and achievements? y Do you want to see the dungeon overview? y Major events: Turn 1: dflexer the neutral female gnomish Healer entered the dungeon 1399: entered the Gnomish Mines 1969: reached Mine Town 2342: attained the rank of Empiric (level 3) 5627: chose a runed dagger to be named "Sting" 5761: killed by a hallucinogen-distorted ice vortex Inventory: Inventory: 773/800 weight (40/52 slots) Coins $ - 820 gold pieces {8} Rings l - a blessed +1 ring of gain constitution (on left hand) {3} P - an uncursed +3 ring of gain constitution (on right hand) {3} N - an uncursed ring of teleport control {3} Wands g - a wand of sleep (0:0) {7} Potions H - an uncursed potion of blindness {20} o - 2 cursed potions of booze {40} f - an uncursed potion of extra healing {20} Z - an uncursed potion of gain level {20} e - a blessed potion of healing {20} d - 4 uncursed potions of healing {80} z - a cursed potion of healing {20} s - an uncursed potion of invisibility {20} O - an uncursed potion of monster detection {20} p - a cursed potion of paralysis {20} Scrolls B - 2 uncursed scrolls of create monster {10} t - an uncursed scroll of earth {5} v - an uncursed scroll of enchant armor {5} r - an uncursed scroll of magic mapping {5} Spellbooks Q - an uncursed spellbook of create monster {40} i - a blessed spellbook of extra healing {45} h - a blessed spellbook of healing {35} j - a blessed spellbook of stone to flesh {45} Weapons D - a +0 dagger {10} U - a +0 wooden knife {1} n - a +0 wooden orcish dagger (at the ready) {3} a - a +0 scalpel {5} V - the blessed +0 Sting (weapon in hand) {10} K - a corroded +1 dwarvish short sword (alternate weapon; not wielded) {30} Armor u - an uncursed +0 pair of gauntlets of power {30} b - an uncursed +1 pair of leather gloves (being worn) {8} E - an uncursed +0 pair of dwarvish boots (being worn) {38} F - an uncursed +0 plastic dwarvish cloak (being worn) {15} m - an uncursed +0 wooden ring mail (being worn) {70} Comestibles k - 3 uncursed apples {6} Tools M - a bag of tricks (0:9) {15} w - an uncursed magic whistle {3} x - an uncursed oil lamp {20} c - an uncursed stethoscope {4} A - 3 uncursed tallow candles {6} R - an uncursed towel {5} Dflexer the Healer's attributes: Background: You were an Empiric, a level 5 female gnomish Healer. You were neutral, on a mission for Hermes who was opposed by Athena (lawful) and Poseidon (chaotic). You were heterosexual. You were in the Gnomish Mines, on level 10. You entered the dungeon 5761 turns ago. You had 170 experience points, 150 more were needed to attain level 6. Your score was 1186 before end-of-game adjustments. Basics: You had 0 out of 51 hit points. You had 22 out of 54 energy points (spell power). Your armor class was -1. Your wallet contained 820 buckazoids. Autopickup was off. Final Characteristics: Your strength was 11 (limit:18/50). Your dexterity was 11 (limit:18). Your constitution was 19 (base:15, innate limit:18). Your intelligence was 12 (limit:19). Your wisdom was 17 (limit:18). Your charisma was 11 (limit:18). Final Status: You were hallucinating. You were satiated. You were unencumbered. You were wielding a dagger. You were unskilled in dagger. Final Attributes: You were piously aligned. You were poison resistant. You were telepathic. You were aware of the presence of orcs. You had infravision. You aggravated monsters. You had a small defense bonus (+4). You were warded. You were fast. You were very unlucky. You are dead. Miscellaneous: You never encountered a bones level. Total elapsed playing time was 4 hours, 10 minutes and 36 seconds. Vanquished creatures: 2 small mimics a watchman a giant beetle a giant spider a black light a dwarf leader a dust vortex 2 human zombies a bugbear 2 Mordor orcs 2 rock piercers a rock mole a pony a shrieker a gnome leader a gnomish wizard a gray ooze 2 floating eyes 9 dwarves a homunculus 2 rothes a centipede a wererat 2 werejackals 2 iguanas a coyote a gas spore 5 hobbits a large kobold 3 hobgoblins 3 giant rats 3 yellow molds 2 green molds 8 gnomes 5 gnome zombies 5 geckos 6 jackals 4 goblins 5 sewer rats 5 grid bugs a bat 6 lichens 2 kobold zombies 7 newts and a partridge in a pear tree 114 creatures vanquished. No species were genocided or became extinct. Voluntary challenges: You read items or engraved 4 times. You never genocided any monsters. You never polymorphed an object. You never changed form. You used no wishes. You never scared an enemy with impunity. You were celibate. You never generated conflict. Achievements: You entered the Gnomish Mines. You entered Minetown. You entered a temple. You entered a shop. You attained the rank of Empiric. The Dungeons of Doom: levels 1 to 5 Level 1: A fountain. Level 2: Some fountains, a tree. Level 3: Stairs down to The Gnomish Mines. Level 4: A fountain. Level 5: The Gnomish Mines: levels 4 to 10 Level 4: Level 5: Level 6: Many shops, a temple, some fountains. Level 7: Level 8: Level 9: Level 10: <- You were here. Final resting place for you, killed by a hallucinogen-distorted ice vortex. Game over: __________ / \ / REST \ / IN \ / PEACE \ / \ | dflexer | | 820 Au | | killed by a | | hallucinogen-dis | | torted ice | | vortex | | 2023 | *| * * * | * _________)/\\_//(\/(/\)/\//\/|_)_______ Goodbye dflexer the Healer... You died in The Gnomish Mines on dungeon level 10 with 1186 points, and 820 pieces of gold, after 5761 moves. You were level 5 with a maximum of 51 hit points when you died.